[Event "*** Titled Tuesday Blitz"]
[Site "Chess.com"]
[Date "2020.01.07"]
[Round "8"]
[White "WelshTiger"]
[Black "Irishchessman16"]
[Result "1-0"]
[WhiteElo "2382"]
[BlackElo "2218"]
[TimeControl "180+2"]
[EndTime "14:51:12 PST"]
[Termination "WelshTiger won by resignation"]

1. e4 c5 2. Nf3 Nc6 3. Bb5 g6 4.
Bxc6 dxc6 5. h3 Bg7 6. O-O Qc7 7. d3 e5 8. a3 a5 9. Nc3 Nf6 10. Be3 Nd7 11. Qd2 h6 12. Nh2 Nf8 13.
f4 Ne6 14. f5 Nd4 15. f6 Bf8 16. Ne2 Be6 17. Rae1 O-O-O 18. c3 Nb3 19. Qc2 a4 20. c4 Qd7 21. Rd1 Bxh3 22. gxh3 Qxh3 23. Bf2 g5 24. Ng3 h5 25. Nf5 g4 26. Bh4 g3 27. Bxg3 Nd4 28.
Qg2 Qxg3 29. Nxg3 1-0

[Event "*** Titled Tuesday Blitz"]
[Site "Chess.com"]
[Date "2020.01.07"]
[Round "8"]
[White "Manukyan_Artak"]
[Black "tteshan"]
[Result "1-0"]
[WhiteElo "2467"]
[BlackElo "2281"]
[TimeControl "180+2"]
[EndTime "14:51:16 PST"]
[Termination "Manukyan_Artak won by resignation"]

1. e4 e6 2. d4 d5 3. e5 c5 4. c3 Qb6 5. Nf3 Bd7 6. Be2 Bb5 7. Bxb5+ Qxb5 8. Na3 Qb6 9. Qe2 Nc6 10. O-O cxd4 11. cxd4 Nge7 12. Nb5 Ng6 13. Be3 Be7 14. h4 Nxh4 15. Nxh4 Bxh4 16. Nd6+ Kf8 17. Qh5 g6 18. Qxh4 Rd8 19. Qf6 1-0

[Event "*** Titled Tuesday Blitz"]
[Site "Chess.com"]
[Date "2020.01.07"]
[Round "8"]
[White "BjarkeSahl"]
[Black "W_Amadeus"]
[Result "0-1"]
[WhiteElo "2237"]
[BlackElo "2660"]
[TimeControl "180+2"]
[EndTime "14:51:32 PST"]
[Termination "W_Amadeus won by checkmate"]

1. e4 e5 2. Nf3 Nc6 3. d4 exd4 4. Bc4 Nf6 5. e5 d5 6. Bb5 Ne4 7. Nxd4 Bc5 8. Be3 O-O 9. Bxc6 bxc6 10. O-O Qe8 11.
f3 Nd6 12. f4 f6 13. Re1 fxe5 14. fxe5 Qxe5 15. Nc3 Nc4 16. Bf2 Qf6 17. Rf1 Nxb2 18. Qd2 Ba6 19. Nb3 Bb4 20. Bd4 Qxf1+ 21. Rxf1 Rxf1# 0-1

[Event "*** Titled Tuesday Blitz"]
[Site "Chess.com"]
[Date "2020.01.07"]
[Round "8"]
[White "GadimbayliA"]
[Black "Zubrrr"]
[Result "1-0"]
[WhiteElo "2954"]
[BlackElo "2745"]
[TimeControl "180+2"]
[EndTime "14:51:46 PST"]
[Termination "GadimbayliA won by resignation"]

1. e4 c5 2. Nf3 d6 3. Bb5+ Nd7 4.
O-O Nf6 5. Re1 e5 6. c3 Be7 7. d4 Qc7 8. Na3 a6 9. Bxd7+ Bxd7 10. dxe5 dxe5 11. Nc4 Bc6 12. Ncxe5 Bxe4 13. Bf4 Qd8 14. Qb3 O-O 15. Rad1 Qe8 16. Ng5 Bf5 17. Qxb7 Rb8 18. Qxa6 Ra8 19. Qb7 Rb8 20. Qf3 Rc8 21. Bg3 Bc2 22.
Rd2 Ba4 23. b3 1-0

[Event "*** Titled Tuesday Blitz"]
[Site "Chess.com"]
[Date "2020.01.07"]
[Round "8"]
[White "Mikasinski"]
[Black "Orest_Vovk"]
[Result "0-1"]
[WhiteElo "2291"]
[BlackElo "2428"]
[TimeControl "180+2"]
[EndTime "14:52:05 PST"]
[Termination "Orest_Vovk won by resignation"]

1. e4 Nc6 2. Nc3 Nf6 3. Nf3 d5 4. exd5 Nxd5 5. Bc4 Be6 6. Nxd5 Bxd5 7. Bxd5 Qxd5 8. d3 O-O-O 9. O-O e6 10. Qe2 Bd6 11.
Be3 h6 12. Nd2 g5 13. Nc4 Bf4 14. g3 Bxe3 15. fxe3 f5 16. a3 h5 17. Qg2 h4 18.
Qxd5 Rxd5 19. Kg2 hxg3 20. hxg3 b5 21. Nd2 Ne5 22. Nf3 Ng4 23. Rae1 Rc5 24. c3 a5 25.
Nd4 Rh2+ 26. Kg1 Rxb2 27. Nxe6 Rxc3 28. Rxf5 Rcc2 29. Ra1 Rg2+ 30. Kh1 Rh2+ 31. Kg1 Rbg2+ 32. Kf1 Nxe3+ 0-1

[Event "*** Titled Tuesday Blitz"]
[Site "Chess.com"]
[Date "2020.01.07"]
[Round "8"]
[White "kkpanu9"]
[Black "Roenko_Artur"]
[Result "0-1"]
[WhiteElo "2089"]
[BlackElo "2245"]
[TimeControl "180+2"]
[EndTime "14:52:13 PST"]
[Termination "Roenko_Artur won by resignation"]

1. e4 e6 2. d3 d5 3. Nd2 g6 4. g3 Bg7 5. Bg2 c5 6. Ngf3 Ne7 7. O-O O-O 8. Re1 Nbc6 9. e5 b5 10. h4 h5 11. Nf1 Nf5 12. Bg5 Qc7 13. Ne3 Nxe3 14.
Rxe3 Nxe5 15. Bf4 Nxf3+ 16. Bxf3 e5 17. Bg5 Bb7 18. Re1 b4 19. a3 a5 20. Qd2 Kh7 21. c3 f6 22. Be3 d4 23. cxd4 cxd4 24. Rac1 Qb6 25. Bxd4 exd4 26. Bxb7 Qxb7 27. Re6 Bh6 28.
Qe1 Rf7 29. Rcc6 Kg7 30. Qc1 Bxc1 0-1

[Event "*** Titled Tuesday Blitz"]
[Site "Chess.com"]
[Date "2020.01.07"]
[Round "8"]
[White "newauto"]
[Black "TypeThreeWaffles"]
[Result "1/2-1/2"]
[WhiteElo "2051"]
[BlackElo "2426"]
[TimeControl "180+2"]
[EndTime "14:52:32 PST"]
[Termination "Game drawn by agreement"]

1. e4 e5 2. Nf3 Nc6 3. Bc4 Nf6 4. d3 Bc5 5. O-O d6 6. h3 h6 7. c3 Bb6 8. b4 Be6 9. Qb3 Qd7 10. Bxe6 fxe6 11. a4 a6 12. a5 Ba7 13. Be3 O-O 14. Bxa7 Rxa7 15. Nbd2 d5 16. Rad1 Nh5 17. d4 exd4 18.
cxd4 Nf4 19. exd5 exd5 20. Ne4 Qf7 21. Nc3 Qg6 22. Nh4 Qg5 23. g3 Nxh3+ 24. Kh2 Nxf2 25. Nxd5 Kh8 26. Nf4 Rf6 27. Nfg6+ Rxg6 28. Nxg6+ Qxg6 29. Rxf2 Ra8 30. Rdf1 Qh5+ 31. Kg1 Kh7 32. Qd3+ Qg6 33. Qxg6+ Kxg6 34. Rf7 Rc8 35. Rd7 Nxb4 1/2-1/2

[Event "*** Titled Tuesday Blitz"]
[Site "Chess.com"]
[Date "2020.01.07"]
[Round "8"]
[White "karwowskikacper"]
[Black "yy2324"]
[Result "0-1"]
[WhiteElo "2435"]
[BlackElo "2594"]
[TimeControl "180+2"]
[EndTime "14:52:37 PST"]
[Termination "yy2324 won by resignation"]

1. e4 c5 2. Nf3 e6 3. d4 cxd4 4.
Nxd4 Nc6 5. Nc3 Qc7 6. Be2 a6 7. O-O Nf6 8. Be3 Bb4 9. Na4 Be7 10. Nxc6 bxc6 11. Nb6 Rb8 12. Nxc8 Qxc8 13. Bd4 c5 14. Be5 Rb6 15. b3 Nxe4 16. Bxg7 Rg8 17. Be5 Bd6 18.
Bg3 Nxg3 19. hxg3 Be5 20. Rb1 Bd4 21. Qd3 Rd6 22. Qxh7 Rh8 23. Qe4 f5 24. Qf4 e5 25.
Bxa6 Qxa6 26. Rfe1 Rdh6 27. Rxe5+ Bxe5 28. Qxe5+ Qe6 29. f4 Qxe5 30. fxe5 Rh1+ 31. Kf2 Rxb1 0-1

[Event "*** Titled Tuesday Blitz"]
[Site "Chess.com"]
[Date "2020.01.07"]
[Round "8"]
[White "AlexanderKing"]
[Black "allvim"]
[Result "0-1"]
[WhiteElo "2522"]
[BlackElo "2365"]
[TimeControl "180+2"]
[EndTime "14:52:37 PST"]
[Termination "allvim won on time"]

1. e4 c5 2. Nf3 d6 3. d4 cxd4 4. Nxd4 Nf6 5. Nc3 a6 6. Bg5 e6 7.
f4 Be7 8. Qf3 Qc7 9. O-O-O Nbd7 10. g4 b5 11. Bxf6 Nxf6 12. g5 Nd7 13. f5 Bxg5+ 14. Kb1 Ne5 15. Qg3 Bf6 16. fxe6 fxe6 17. Bh3 O-O 18. Bxe6+ Kh8 19. Nd5 Qd8 20. Rdf1 Ra7 21.
Rhg1 Nc4 22. Nc6 Qe8 23. Nxa7 Nd2+ 24. Kc1 Nxf1 25. Nxf6 Nxg3 26. Nxe8 Ne2+ 27. Kd1 Nxg1 28. Bxc8 Rxe8 0-1

[Event "*** Titled Tuesday Blitz"]
[Site "Chess.com"]
[Date "2020.01.07"]
[Round "8"]
[White "wadsy27"]
[Black "Lifeek"]
[Result "1-0"]
[WhiteElo "2472"]
[BlackElo "2257"]
[TimeControl "180+2"]
[EndTime "14:52:41 PST"]
[Termination "wadsy27 won by checkmate"]

1. Nf3 Nf6 2. g3 d5 3. Bg2 c5 4.
O-O Nc6 5. c4 e6 6. b3 Be7 7. e3 O-O 8. Bb2 b6 9. Nc3 Bb7 10. cxd5 Nxd5 11. Nxd5 exd5 12. d4 Bf6 13. Ne5 cxd4 14. Nxc6 Bxc6 15. Bxd4 Rc8 16. Rc1 Bb5 17. Rxc8 Qxc8 18. Bxf6 Bxf1 19. Bxf1 gxf6 20. Qxd5 Rd8 21. Qf3 Qc1 22. Kg2 Qb2 23. Bc4 Rd2 24. h4 Qe5 25.
Qb7 Qe8 26. h5 Kg7 27. Bd5 Kh6 28. e4 Qe5 29. Qxf7 Qd4 30. Qf8+ Kxh5 31. Bf7+ Kg5 32. Qg7# 1-0

[Event "*** Titled Tuesday Blitz"]
[Site "Chess.com"]
[Date "2020.01.07"]
[Round "8"]
[White "Glufs"]
[Black "Kumi29"]
[Result "0-1"]
[WhiteElo "2370"]
[BlackElo "2507"]
[TimeControl "180+2"]
[EndTime "14:52:49 PST"]
[Termination "Kumi29 won by resignation"]

1. Nf3 b6 2. c4 Bb7 3. Nc3 e6 4. a3 f5 5. d4 Nf6 6. Bg5 Be7 7. e3 O-O 8. Be2 Ne4 9. Nxe4 Bxe4 10. Bxe7 Qxe7 11.
d5 a5 12. O-O Na6 13. Nd4 f4 14. f3 Bg6 15. dxe6 fxe3 16. exd7 Qxd7 17. f4 Rad8 18. Nb5 Qe7 19. Qe1 a4 20. Nc3 Nc5 21. Nd5 Qe4 22.
Bf3 Qxc4 23. Nxe3 Qd4 24. Rd1 Qxb2 25. Nd5 Bf7 26. Ne7+ Kh8 27. Rxd8 Rxd8 28. Ng6+ Bxg6 29. f5 Bxf5 30. Qh4 Qd4+ 0-1

[Event "*** Titled Tuesday Blitz"]
[Site "Chess.com"]
[Date "2020.01.07"]
[Round "8"]
[White "vovachesss"]
[Black "Quiet_Desperation"]
[Result "1-0"]
[WhiteElo "2577"]
[BlackElo "2387"]
[TimeControl "180+2"]
[EndTime "14:52:50 PST"]
[Termination "vovachesss won by resignation"]

1. Nf3 d5 2. b3 Nf6 3. Bb2 e6 4. e3 Be7 5. d4 O-O 6. Nbd2 c6 7. Bd3 b6 8. O-O Nbd7 9. Qe2 Re8 10. c4 Bb7 11. Rac1 Bd6 12. Ne5 c5 13. f4 cxd4 14.
exd4 dxc4 15. bxc4 Nf8 16. Ndf3 Ng6 17. Ng5 Re7 18.
c5 bxc5 19. dxc5 Bc7 20. c6 Bc8 21. Rcd1 Nd5 22. Bxg6 hxg6 23. Qg4 Bd6 24. Qh4 Nf6 25. Nc4 Bc5+ 26. Kh1 Qc7 27. Bxf6 1-0

[Event "*** Titled Tuesday Blitz"]
[Site "Chess.com"]
[Date "2020.01.07"]
[Round "8"]
[White "Parhamov"]
[Black "BilodeauA"]
[Result "0-1"]
[WhiteElo "3050"]
[BlackElo "2836"]
[TimeControl "180+2"]
[EndTime "14:52:52 PST"]
[Termination "BilodeauA won by resignation"]

1. Nf3 d5 2. g3 Nd7 3. Bg2 e5 4.
O-O Ngf6 5. d3 Bc5 6. c3 O-O 7. b4 Bd6 8. Nbd2 a5 9. b5 c6 10. a4 cxb5 11. axb5 Nb6 12. Bb2 h6 13. c4 dxc4 14.
Nxc4 Nxc4 15. dxc4 Qe7 16. c5 Bxc5 17. Nxe5 Be6 18.
Nd3 Rfd8 19. Qa4 Bb6 20. Qh4 Bd5 21. Bxf6 Qxf6 22. Qxf6 gxf6 23. Rfb1 Bxg2 24. Kxg2 a4 25. Ra3 Rd4 26. e3 Rc4 27. Rba1 Rd8 28. Nb2 Rc2 29.
Nxa4 Rdd2 30. Nxb6 Rxf2+ 31. Kh3 Rxh2+ 32. Kg4 Rcf2 33. Ra8+ Kg7 0-1

[Event "*** Titled Tuesday Blitz"]
[Site "Chess.com"]
[Date "2020.01.07"]
[Round "8"]
[White "Philosopherrr"]
[Black "francyIM"]
[Result "0-1"]
[WhiteElo "2456"]
[BlackElo "2608"]
[TimeControl "180+2"]
[EndTime "14:52:52 PST"]
[Termination "francyIM won by resignation"]

1. e4 e5 2. Nf3 Nc6 3. Bb5 a6 4.
Ba4 Nf6 5. O-O b5 6. Bb3 Bb7 7. Re1 Bc5 8. c3 d6 9. d4 Bb6 10. a4 h6 11. a5 Nxa5 12. dxe5 dxe5 13. Nxe5 Nxb3 14. Qxb3 O-O 15. Nd2 Qd6 16. Nef3 Ng4 17. Rf1 Rad8 18. h3 Nxf2 19. Rxf2 Bxf2+ 20. Kxf2 Qb6+ 21. Kg3 Rfe8 22. Nd4 c5 23. N4f3 c4 24. Qc2 Rd3 25. b3 Bxe4 26. Nxe4 Rxe4 27. bxc4 bxc4 28. Rb1 Qg6+ 29. Kh2 Kh7 30. Rb7 Qd6+ 31. Kg1 Qc5+ 32. Kf1 Qd5 33. Rb8 f5 34. Ba3 Ree3 35.
Bb2 Rd1+ 36. Kf2 Rxf3+ 37. gxf3 Rd2+ 0-1

[Event "*** Titled Tuesday Blitz"]
[Site "Chess.com"]
[Date "2020.01.07"]
[Round "8"]
[White "ChessyInstinct"]
[Black "Blagorod"]
[Result "1-0"]
[WhiteElo "2466"]
[BlackElo "2132"]
[TimeControl "180+2"]
[EndTime "14:52:58 PST"]
[Termination "ChessyInstinct won by checkmate"]

1. d4 d5 2. c4 Nc6 3. Nf3 Bg4 4. Nc3 e6 5. e3 Nf6 6. Be2 Be7 7. O-O O-O 8. h3 Bh5 9. b3 h6 10. Bb2 a5 11. a3 b6 12. Rc1 Nb8 13. Ne5 Bxe2 14.
Qxe2 c5 15. dxc5 bxc5 16. Rfd1 Qb6 17. cxd5 exd5 18. Nxd5 Nxd5 19. Rxd5 Qxb3 20. Nc4 Nc6 21. Qg4 f6 22. Qe6+ Kh8 23. Qxc6 Rfb8 24. Rd7 Bf8 25. Bxf6 Rc8 26. Qe6 Re8 27. Qf7 gxf6 28. Qh7# 1-0

[Event "*** Titled Tuesday Blitz"]
[Site "Chess.com"]
[Date "2020.01.07"]
[Round "8"]
[White "Sergey85Rodchenkov"]
[Black "Valk4"]
[Result "1-0"]
[WhiteElo "2463"]
[BlackElo "2287"]
[TimeControl "180+2"]
[EndTime "14:53:05 PST"]
[Termination "Sergey85Rodchenkov won by resignation"]

1. e4 e5 2. Nf3 Nc6 3. Bc4 Bc5 4. c3 Nf6 5. d3 a6 6. O-O Ba7 7. Bb3 h6 8. Nbd2 O-O 9. h3 d6 10. Re1 Be6 11. Nf1 Qd7 12. Bc2 Rfe8 13. d4 exd4 14. cxd4 d5 15. e5 Ne4 16. Be3 f6 17. exf6 Nxf6 18.
Ng3 Kh8 19. Ne5 Nxe5 20. dxe5 Ng8 21. Qd3 g5 22. Bxa7 Rxa7 23. Rad1 Raa8 24. Qe3 Qf7 25.
Ne2 Rac8 26. f4 gxf4 27. Nxf4 c5 28. Ng6+ Kg7 29. Rf1 Qd7 30. Qg3 1-0

[Event "*** Titled Tuesday Blitz"]
[Site "Chess.com"]
[Date "2020.01.07"]
[Round "8"]
[White "secretsuperstar7"]
[Black "INLOVEWITHF"]
[Result "1-0"]
[WhiteElo "2258"]
[BlackElo "2404"]
[TimeControl "180+2"]
[EndTime "14:53:10 PST"]
[Termination "secretsuperstar7 won by resignation"]

1. d4 Nf6 2. c4 g6 3. Nc3 Bg7 4. e4 d6 5. h3 O-O 6. Nf3 e5 7.
Be3 exd4 8. Nxd4 Re8 9. Bd3 Na6 10. Qf3 Nc5 11. Bc2 Nfd7 12. O-O Ne5 13. Qe2 Nc6 14. Nxc6 bxc6 15. Rad1 Qe7 16. Qd2 Rb8 17. a3 Rxb2 18. Rb1 Nb3 19. Qd3 Rxb1 20. Rxb1 Nc5 21. Qd2 Ba6 22. Rb4 Qe5 23. Ne2 Nxe4 24. Bxe4 Qxe4 25. c5 Qd5 26. cxd6 Qxd2 27. Bxd2 Bxe2 28. d7 Rd8 29. Re4 Rxd7 30. Re8+ Bf8 31. Bh6 Rd1+ 32. Kh2 1-0

[Event "*** Titled Tuesday Blitz"]
[Site "Chess.com"]
[Date "2020.01.07"]
[Round "8"]
[White "Everyfishknows"]
[Black "chessbia"]
[Result "1-0"]
[WhiteElo "2338"]
[BlackElo "2189"]
[TimeControl "180+2"]
[EndTime "14:53:10 PST"]
[Termination "Everyfishknows won by resignation"]

1. Nf3 f5 2. d3 Nf6 3. e4 fxe4 4. dxe4 Nxe4 5. Bd3 Nf6 6. Ng5 d6 7. Bxh7 c6 8. Bg6+ Kd7 9. Nf7 Qa5+ 10. Bd2 Qd5 11.
Nxh8 Qxg2 12. Rf1 Kc7 13. Bd3 Bg4 14. Be2 Bf5 15. Nc3 Nbd7 16. Bf4 g5 17. Bg3 Bg7 18. Nf7 Ne4 19. Nxe4 Bxe4 20. Nxd6 Ne5 21. Nc4 Rd8 22. Qc1 Rd5 23. Qxg5 Bf6 24. Bxe5+ Bxe5 25. Qxg2 Bxg2 26.
Rg1 Bh3 27. Nxe5 Rxe5 28. Kd2 1-0

[Event "*** Titled Tuesday Blitz"]
[Site "Chess.com"]
[Date "2020.01.07"]
[Round "8"]
[White "novocane"]
[Black "TheBigBadChessDad"]
[Result "0-1"]
[WhiteElo "2180"]
[BlackElo "2287"]
[TimeControl "180+2"]
[EndTime "14:53:12 PST"]
[Termination "TheBigBadChessDad won by resignation"]

1. d4 Nf6 2. c4 e6 3. Nc3 Bb4 4. e3 Bxc3+ 5. bxc3 c5 6. Bd3 d6 7.
e4 Nc6 8. f4 e5 9. Nf3 cxd4 10.
cxd4 exd4 11. e5 dxe5 12. fxe5 Ng4 13. Bf4 O-O 14. O-O h6 15. Rb1 Re8 16. Rb5 Ne3 17.
Bxe3 dxe3 18. Rd5 Qb6 19. Qe2 Be6 20. Bb1 Bxd5 21. cxd5 Nxe5 22. Nh4 Ng6 23. Nf5 Re5 24. d6 Rd8 25. Re1 Rxd6 26. Nxd6 Qxd6 27. Qc2 Qd2 28. Qc8+ Kh7 0-1

[Event "*** Titled Tuesday Blitz"]
[Site "Chess.com"]
[Date "2020.01.07"]
[Round "8"]
[White "Majkelopulos"]
[Black "AleksanderHnydiuk"]
[Result "1-0"]
[WhiteElo "2533"]
[BlackElo "2417"]
[TimeControl "180+2"]
[EndTime "14:53:16 PST"]
[Termination "Majkelopulos won on time"]

1. e4 Nf6 2. e5 Nd5 3. d4 d6 4.
c4 Nb6 5. exd6 exd6 6. Nc3 Be7 7. Bd3 Nc6 8. Nge2 Bg4 9. f3 Bh5 10. Be3 O-O 11. b3 Bh4+ 12. g3 Bxf3 13. gxh4 Bxh1 14.
Ng3 Qxh4 15. Qc2 Rfe8 16. Qf2 Nxd4 17. O-O-O Bf3 18. Bxd4 Bxd1 19. Nxd1 Nd7 20. Bxg7 Qg5+ 21. Kb1 Kxg7 22. Nf5+ Kh8 23. Nde3 Ne5 24. Bc2 Rg8 25. Qd2 Qf4 26. Qd5 Qf3 27. Qd4 Rg1+ 28. Kb2 Re1 29. Qh4 Rg1 30. Qf6+ Kg8 31. Nd5 Kf8 32. Qh6+ Ke8 33.
Nxc7+ Kd7 34. Qxd6+ Kc8 35. Ne7+ 1-0

[Event "*** Titled Tuesday Blitz"]
[Site "Chess.com"]
[Date "2020.01.07"]
[Round "8"]
[White "M1711"]
[Black "goldenspine"]
[Result "0-1"]
[WhiteElo "2520"]
[BlackElo "2362"]
[TimeControl "180+2"]
[EndTime "14:53:16 PST"]
[Termination "goldenspine won by checkmate"]

1. d4 Nf6 2. Bg5 e6 3. e4 h6 4. Bxf6 Qxf6 5. c3 g6 6. Bd3 Bg7 7. Ne2 d6 8. O-O O-O 9. f4 Qe7 10. e5 c5 11. Nd2 Nc6 12. exd6 Qxd6 13. Ne4 Qd8 14. Nxc5 Nxd4 15. Be4 Nxe2+ 16. Qxe2 Qb6 17. Qf2 Rd8 18. Rfd1 Bf8 19. Rxd8 Qxd8 20. Nxb7 Qc7 21. Qf3 Rb8 22. Rd1 Bxb7 23. Rd2 Bxe4 24. Qxe4 Qb7 25.
Qe5 Qb6+ 26. Kh1 Rd8 27. Rxd8 Qxd8 28. h3 Qd1+ 29. Kh2 Qd2 30. Qb8 Kg7 31. Qe5+ Kh7 32. Qc7 Kg8 33. Qb8 Qd6 34. Qxa7 Qxf4+ 35. Kg1 Qc1+ 36. Kf2 Qxb2+ 37. Kf1 Qxc3 38. Qa6 Bc5 39. h4 Qd4 40. Ke2 Qg1 41. Kf3 Qf2+ 42. Ke4 Qf5# 0-1

[Event "*** Titled Tuesday Blitz"]
[Site "Chess.com"]
[Date "2020.01.07"]
[Round "8"]
[White "Eliwood44"]
[Black "vova-79"]
[Result "1-0"]
[WhiteElo "2352"]
[BlackElo "2514"]
[TimeControl "180+2"]
[EndTime "14:53:16 PST"]
[Termination "Eliwood44 won by resignation"]

1. d4 d5 2. Bf4 Nf6 3. e3 c5 4.
c3 Nc6 5. Nd2 cxd4 6. exd4 Bf5 7. Ngf3 e6 8. Qb3 Qc8 9. Bb5 Be7 10. O-O O-O 11. Ne5 Nxe5 12. Bxe5 Nd7 13. Bg3 a6 14.
Be2 Bd8 15. Rfe1 Bc7 16. Nf3 Bxg3 17. hxg3 Qc7 18. Rad1 Rab8 19. Bd3 Bxd3 20. Rxd3 b5 21. g4 a5 22. Ne5 Nxe5 23. dxe5 b4 24. cxb4 Rxb4 25.
Qa3 Rxg4 26. Rc3 Qb7 27. Rec1 d4 28. Rf3 h5 29. b3 d3 30. Kh2 Qe4 31. Qxa5 Rf4 32.
Rc4 Rh4+ 33. Kg1 d2 34. Rxe4 d1=Q+ 35. Re1 Qc2 36. a4 Rg4 37. Qc3 Qg6 38. Rg3 h4 39. Rxg4 Qxg4 40. a5 Rd8 41. b4 Rd1 42. Rxd1 Qxd1+ 43. Kh2 Qg4 44. a6 Qf4+ 45. Kg1 1-0

[Event "*** Titled Tuesday Blitz"]
[Site "Chess.com"]
[Date "2020.01.07"]
[Round "8"]
[White "ketster"]
[Black "j2806"]
[Result "1-0"]
[WhiteElo "2300"]
[BlackElo "1866"]
[TimeControl "180+2"]
[EndTime "14:53:19 PST"]
[Termination "ketster won by checkmate"]

1. d4 Nf6 2. c4 e6 3. Nc3 d5 4.
cxd5 exd5 5. Bg5 Be7 6. e3 Nbd7 7. Qc2 c6 8. Bd3 Nh5 9. Bxe7 Qxe7 10. Nge2 g6 11. h3 Ng7 12. O-O-O Nb6 13. g4 Be6 14.
Kb1 O-O-O 15. Rc1 f5 16. Rhg1 fxg4 17. hxg4 Rhf8 18. Nf4 Bg8 19. Na4 Qb4 20. Nc5 Rde8 21. a3 Qa5 22. Nxb7 Kxb7 23. Qxc6+ Kb8 24. Qc7+ Ka8 25. Qxg7 Rf7 26. Qh6 Ref8 27. Qh1 g5 28. Nxd5 Nxd5 29. Rc5 Qd8 30. Rxd5 Qb6 31. Rd8# 1-0

[Event "*** Titled Tuesday Blitz"]
[Site "Chess.com"]
[Date "2020.01.07"]
[Round "8"]
[White "Squirlolz"]
[Black "PotapovaM"]
[Result "0-1"]
[WhiteElo "2623"]
[BlackElo "2517"]
[TimeControl "180+2"]
[EndTime "14:53:26 PST"]
[Termination "PotapovaM won by resignation"]

1. Nc3 c5 2. e4 d6 3. f4 Nc6 4.
Bb5 Bd7 5. Nf3 g6 6. O-O Bg7 7. d3 e6 8. f5 exf5 9. exf5 Bxf5 10. Ng5 Nf6 11. Re1+ Kf8 12. Bc4 d5 13. Bb3 Nd4 14.
Bf4 h6 15. Nf3 Nxb3 16. axb3 Kg8 17. d4 cxd4 18. Nxd4 Bg4 19. Qd3 Kh7 20. h3 Bd7 21. Kh1 Re8 22. Nf3 Bf5 23. Qd2 Ne4 24. Qxd5 Nxc3 25.
Qxd8 Rexd8 26. bxc3 Bxc3 27. Ne5 Bxa1 28. Rxa1 Kg7 29.
Ra4 f6 30. Nc4 b5 31. Rb4 bxc4 32. Rb7+ Rd7 33. Bxh6+ Kxh6 0-1

[Event "*** Titled Tuesday Blitz"]
[Site "Chess.com"]
[Date "2020.01.07"]
[Round "8"]
[White "nubair1198"]
[Black "Hikaru"]
[Result "1-0"]
[WhiteElo "2926"]
[BlackElo "3110"]
[TimeControl "180+2"]
[EndTime "14:53:32 PST"]
[Termination "nubair1198 won by checkmate"]

1. d4 e6 2. c4 b6 3. e4 Bb7 4. Bd3 f5 5. exf5 Bxg2 6. Qh5+ g6 7. fxg6 Bg7 8. gxh7+ Kf8 9. Ne2 Bxh1 10. Bg5 Nf6 11. Qh4 Nc6 12. Nd2 e5 13. O-O-O Qe7 14. Rxh1 Qf7 15. Rg1 e4 16. Bxe4 Nxe4 17. Nxe4 Re8 18. N2c3 Nxd4 19. Bf6 Nf5 20. Qg4 Bxf6 21. Nxf6 Nh6 22.
Qf4 Re6 23. Qxh6+ Ke7 24. Ncd5+ Kd6 25. Qf4+ Kc5 26. Qxc7+ Rc6 27. Qe5 Kxc4 28. Nc3 Rc5 29. Rg4+ Kd3 30. Qe2# 1-0

[Event "*** Titled Tuesday Blitz"]
[Site "Chess.com"]
[Date "2020.01.07"]
[Round "8"]
[White "Induwara_IM"]
[Black "Saloni1299"]
[Result "1/2-1/2"]
[WhiteElo "2361"]
[BlackElo "2135"]
[TimeControl "180+2"]
[EndTime "14:53:32 PST"]
[Termination "Game drawn by repetition"]

1. d4 Nf6 2. c4 g6 3. Nc3 d5 4.
Nf3 Bg7 5. cxd5 Nxd5 6. e4 Nxc3 7. bxc3 c5 8. Be3 Nc6 9. Be2 Qa5 10. O-O O-O 11. d5 Ne5 12. c4 Nxf3+ 13. Bxf3 f5 14.
exf5 Bxf5 15. Qb3 Qc7 16. Rad1 Rad8 17. Rfe1 b6 18. a4 Be5 19. h4 e6 20. Bg5 Rde8 21. a5 exd5 22. Bxd5+ Be6 23. axb6 axb6 24. g3 Bxd5 25.
cxd5 Bd6 26. Re6 c4 27. Qe3 Bc5 28. Qe4 Bxf2+ 29. Kh1 Qxg3 30. Rxg6+ hxg6 31. Qxg6+ Kh8 32. Qh6+ Kg8 33. Qg6+ Kh8 34. Qh6+ Kg8 35. Qg6+ 1/2-1/2

[Event "*** Titled Tuesday Blitz"]
[Site "Chess.com"]
[Date "2020.01.07"]
[Round "8"]
[White "Dhaydon19"]
[Black "Yaacovn"]
[Result "1-0"]
[WhiteElo "2708"]
[BlackElo "2799"]
[TimeControl "180+2"]
[EndTime "14:53:33 PST"]
[Termination "Dhaydon19 won on time"]

1. d4 Nf6 2. Nf3 e6 3. g3 b5 4. Bg2 Bb7 5. O-O c5 6. dxc5 Bxc5 7. Nbd2 O-O 8. c4 bxc4 9. Nxc4 d5 10. Nce5 Nbd7 11.
Nxd7 Qxd7 12. Bf4 Rfc8 13. Rc1 h6 14. Ne5 Qd8 15. Nd3 Bb6 16. Qb3 Rxc1 17. Rxc1 Rc8 18. Rxc8 Qxc8 19. Be5 Ne4 20. e3 Ba6 21. Bxe4 dxe4 22.
Ne1 Kh7 23. Qc2 Qb7 24. Bc3 Qd5 25. Kg2 f5 26. Qd2 Qc4 27. Kh3 1-0

[Event "*** Titled Tuesday Blitz"]
[Site "Chess.com"]
[Date "2020.01.07"]
[Round "8"]
[White "Simon2049"]
[Black "aquaticpineapples"]
[Result "1-0"]
[WhiteElo "2254"]
[BlackElo "2337"]
[TimeControl "180+2"]
[EndTime "14:53:33 PST"]
[Termination "Simon2049 won by checkmate"]

1. e4 e6 2. d4 d5 3. Nd2 Nf6 4. e5 Nfd7 5. Bd3 c5 6. c3 Nc6 7. Ne2 cxd4 8. cxd4 f6 9. Nf4 Nxd4 10. Qh5+ Ke7 11.
Ng6+ hxg6 12. exf6+ Nxf6 13. Qxh8 Kf7 14. O-O e5 15. Nb3 Nxb3 16. axb3 Bf5 17. Bxf5 gxf5 18. Bg5 Be7 19. Qxd8 Bxd8 20. Rfd1 Ke6 21. Rac1 Bb6 22.
Bxf6 gxf6 23. Kf1 Rh8 24. h3 Rh4 25. Rc8 Bd4 26. Rc7 Bxb2 27. Rxb7 Bd4 28. Rb8 f4 29. Re8+ Kf5 30. Ke2 Rh7 31. Rd8 Ke6 32. Rb8 Rc7 33.
h4 Rc2+ 34. Rd2 Rc1 35. h5 Rh1 36. Rh8 Kf5 37. Rh7 Kg5 38. Rd7 Kxh5 39. Rh7+ Kg4 40.
Rxh1 Kf5 41. Rxd4 exd4 42. Ra1 Ke4 43. f3+ Ke5 44. Kd3 f5 45. Rxa7 Kf6 46. Kxd4 Kg5 47. Ra6 Kh4 48. b4 Kg3 49. b5 Kxg2 50. b6 Kxf3 51.
b7 Ke2 52. Ra3 f3 53. b8=Q f2 54. Qb2+ Kf1 55. Ra1+ Kg2 56. Ke3 f4+ 57. Kxf4 d4 58.
Qe2 d3 59. Qd2 Kh3 60. Rh1+ Kg2 61. Rh2+ Kxh2 62. Qxf2+ Kh1 63. Kg3 d2 64. Qg2# 1-0

[Event "*** Titled Tuesday Blitz"]
[Site "Chess.com"]
[Date "2020.01.07"]
[Round "8"]
[White "tigra"]
[Black "Mr_Sinigami"]
[Result "0-1"]
[WhiteElo "2738"]
[BlackElo "2597"]
[TimeControl "180+2"]
[EndTime "14:53:41 PST"]
[Termination "Mr_Sinigami won by resignation"]

1. d4 Nf6 2. c4 c5 3. d5 b5 4. cxb5 a6 5. bxa6 g6 6. Nh3 Bg7 7. Nc3 Bxa6 8. g3 O-O 9. Bg2 d6 10. O-O Nbd7 11. Nf4 Qa5 12. Qc2 Rfb8 13. Bd2 Ne5 14.
Rfb1 Bc8 15. Ne4 Qa4 16. b3 Qa3 17. Bc3 Bf5 18. Nxf6+ Bxf6 19. e4 Bg4 20. Nd3 Nf3+ 21. Bxf3 Bxf3 22. Bxf6 exf6 23. Ne1 Bg4 24. Qc3 f5 25. f3 Bh3 26. e5 dxe5 27. Nd3 c4 28. Nxe5 Qc5+ 29. Kh1 Qf2 30. Rg1 cxb3 31. axb3 Rxa1 32.
Qxa1 Re8 33. Qc1 Rxe5 34. Qc8+ Kg7 35. Qc3 f6 36. Qc7+ Kh6 37. Qc1+ Re3 0-1

[Event "*** Titled Tuesday Blitz"]
[Site "Chess.com"]
[Date "2020.01.07"]
[Round "8"]
[White "Gogolev_Artemy"]
[Black "Mikhail_Golubev"]
[Result "1-0"]
[WhiteElo "2474"]
[BlackElo "2580"]
[TimeControl "180+2"]
[EndTime "14:53:42 PST"]
[Termination "Gogolev_Artemy won by resignation"]

1. d4 Nf6 2. c4 g6 3. Nc3 Bg7 4.
e4 d6 5. Nf3 O-O 6. Be2 e5 7.
O-O Nc6 8. d5 Ne7 9. b4 Ne8 10. c5 f5 11. Ba3 Nf6 12. Nd2 f4 13. b5 g5 14. cxd6 cxd6 15. Nc4 Ne8 16. Rc1 Ng6 17. Bg4 f3 18. Bxf3 g4 19. Bxg4 Kh8 20.
Ne3 Nh4 21. g3 Bxg4 22. Qxg4 Nf3+ 23. Kg2 Nd2 24. Rfd1 Nf6 25. Qh4 Nfxe4 26. Qxd8 Raxd8 27. Nxe4 Nxe4 28. Rc2 Rc8 29. Rdc1 Rxc2 30. Rxc2 b6 31. f3 Nc5 32. Bxc5 bxc5 33. Nc4 Rd8 34. a4 Kg8 35. a5 Kf7 36. Kf2 Ke7 37. Ke3 Kd7 38. Ke4 Kc7 39. b6+ axb6 40. axb6+ Kb7 41. Ra2 Bh6 42. Ra7+ 1-0